SNL (28 & UNDER)
MEMPHIS BLUES @ BLACKIRON DRAGONS
09/19/2023
 
TOP OF THE 1ST
Memphis Blues batting - Pitching for BlackIron Dragons : RHP Ángel Polanco
Pitching: RHP Ángel Polanco
Batting: LHB Kieran Farris 0-0: Ball
1-0: Foul Ball, location: 2F
1-1: Foul Ball, location: 2F
1-2: Ground out 4-3 (Groundball, 4)
Batting: RHB Sadao Kato 0-0: Ball
1-0: Ball
2-0: Called Strike
2-1: Ball
3-1: DOUBLE (Groundball, 5L)
Batting: LHB Félix García 0-0: Called Strike
0-1: Ball
1-1: Ball
2-1: Fly out, F7 (Flyball, 7M)
Batting: RHB Cal Keys 0-0: Swinging Strike
0-1: Foul Ball, location: 2F
0-2: Ball
1-2: Strikes out looking
Top of the 1st over - 0 run(s), 1 hit(s), 0 error(s), 1 left on base; Memphis 0 - BlackIron 0
BOTTOM OF THE 1ST
BlackIron Dragons batting - Pitching for Memphis Blues : RHP Mark MacGruder
Pitching: RHP Mark MacGruder
Batting: LHB Aurelio Torrez 0-0: Swinging Strike
0-1: Foul Ball, location: 2F
0-2: Ball
1-2: Foul Ball, location: 2F
1-2: SINGLE (Line Drive, 89S)
Batting: RHB Dallas Blair 0-0: Ball
1-0: Foul Ball, location: 2F
1-1: Foul Ball, location: 2F
1-2: Fielders Choice at 2nd, 5-4 (Groundball, 5L)
Batting: RHB Robert Buckley 0-0: Ball
Dallas Blair steals 2nd base
1-0: Fly out, F8 (Flyball, 8RM)
Batting: RHB Cole Ball 0-0: Ball
1-0: Ball
2-0: Ball
3-0: Called Strike
3-1: Ground out 6-3 (Groundball, 6)
Bottom of the 1st over - 0 run(s), 1 hit(s), 0 error(s), 1 left on base; Memphis 0 - BlackIron 0
TOP OF THE 2ND
Memphis Blues batting - Pitching for BlackIron Dragons : RHP Ángel Polanco
Batting: RHB Chase Mueller 0-0: Foul Ball, location: 2F
0-1: Ball
1-1: Ball
2-1: Called Strike
2-2: Fly out, F7 (Flyball, 7LS)
Batting: RHB Glenn Johnson 0-0: Called Strike
0-1: Ground out 6-3 (Groundball, 6M)
Batting: RHB Dave Wookey 0-0: Foul Ball, location: 2F
0-1: Ball
1-1: Called Strike
1-2: Ball
2-2: Strikes out looking
Top of the 2nd over - 0 run(s), 0 hit(s), 0 error(s), 0 left on base; Memphis 0 - BlackIron 0
BOTTOM OF THE 2ND
BlackIron Dragons batting - Pitching for Memphis Blues : RHP Mark MacGruder
Batting: RHB Leroy Jamison 0-0: Swinging Strike
0-1: Foul Ball, location: 2F
0-2: Strikes out looking
Batting: RHB José Colón 0-0: Called Strike
0-1: Ball
1-1: Foul Ball, location: 2F
1-2: Ball
2-2: Fly out, F4 (Popup, 9LS)
Batting: RHB Brian Jackson 0-0: Swinging Strike
0-1: Ball
1-1: Swinging Strike
1-2: Strikes out looking
Bottom of the 2nd over - 0 run(s), 0 hit(s), 0 error(s), 0 left on base; Memphis 0 - BlackIron 0
TOP OF THE 3RD
Memphis Blues batting - Pitching for BlackIron Dragons : RHP Ángel Polanco
Batting: LHB Arturo Rivera 0-0: Ball
1-0: Called Strike
1-1: Ball
2-1: Ball
3-1: Base on Balls
Batting: RHB Dale O'Feennaghty 0-0: Ball
1-0: DOUBLE (Line Drive, 7LS)
Arturo Rivera to third
Batting: LHB Kieran Farris 0-0: Called Strike
0-1: Swinging Strike
0-2: Strikes out swinging
Batting: RHB Sadao Kato 0-0: Foul Ball, location: 2F
0-1: Ball
1-1: Ball
2-1: Ball
3-1: Called Strike
3-2: Foul Ball, location: 2F
3-2: Base on Balls
Batting: LHB Félix García 0-0: SINGLE (Line Drive, 9S)
Arturo Rivera scores
Dale O'Feennaghty to third
Sadao Kato to second
Runner from 3rd tries for Home, SAFE, throw made home
Sadao Kato to third
Félix García to second
Batting: RHB Cal Keys 0-0: Ball
1-0: Foul Ball, location: 2F
1-1: Fly out, F7 (Flyball, 8LD)
Runner from 3rd tags up, SCORES, no throw
Félix García to third
Batting: RHB Chase Mueller 0-0: Ball
1-0: Ball
2-0: Ball
3-0: Called Strike
3-1: Called Strike
3-2: Base on Balls
Batting: RHB Glenn Johnson 0-0: Ball
1-0: Fielders Choice at 2nd, 6-4 (Groundball, 6)
Top of the 3rd over - 3 run(s), 2 hit(s), 0 error(s), 1 left on base; Memphis 3 - BlackIron 0
BOTTOM OF THE 3RD
BlackIron Dragons batting - Pitching for Memphis Blues : RHP Mark MacGruder
Batting: RHB Phil Jacobs 0-0: Ball
1-0: SINGLE (Flyball, 9LS)
Batting: RHB Joaquín Rosales 0-0: Foul Ball, location: 2F
0-1: Foul Ball, location: 2F
0-2: SINGLE (Line Drive, 89S)
Phil Jacobs to second
Batting: LHB Aurelio Torrez 0-0: Ball
1-0: Ground out 4-3 (Groundball, 4MS)
Phil Jacobs to third
Joaquín Rosales to second
Batting: RHB Dallas Blair 0-0: SINGLE (Line Drive, 78S)
Phil Jacobs scores
Joaquín Rosales to third
Batting: RHB Robert Buckley 0-0: Ball
1-0: Ball
2-0: Called Strike
Dallas Blair is caught stealing 2nd base
2-1: Fly out, F8 (Flyball, 8RXD)
Bottom of the 3rd over - 1 run(s), 3 hit(s), 0 error(s), 1 left on base; Memphis 3 - BlackIron 1
TOP OF THE 4TH
Memphis Blues batting - Pitching for BlackIron Dragons : RHP Ángel Polanco
Batting: RHB Dave Wookey 0-0: Ball
1-0: Called Strike
1-1: Ball
2-1: Ground out 5-3 (Groundball, 15S)
Batting: LHB Arturo Rivera 0-0: Ball
1-0: Swinging Strike
1-1: Foul Ball, location: 2F
1-2: Ground out 4-3 (Groundball, 4M)
Batting: RHB Dale O'Feennaghty 0-0: Called Strike
0-1: Swinging Strike
0-2: Strikes out swinging
Top of the 4th over - 0 run(s), 0 hit(s), 0 error(s), 0 left on base; Memphis 3 - BlackIron 1
BOTTOM OF THE 4TH
BlackIron Dragons batting - Pitching for Memphis Blues : RHP Mark MacGruder
Batting: RHB Cole Ball 0-0: Ball
1-0: Ball
2-0: Ball
3-0: Ground out 6-3 (Groundball, 6M)
Batting: RHB Leroy Jamison 0-0: Ball
1-0: Swinging Strike
1-1: Ground out 5-3 (Groundball, 5)
Batting: RHB José Colón 0-0: Foul Ball, location: 2F
0-1: Ball
1-1: Called Strike
1-2: Ball
2-2: Strikes out looking
Bottom of the 4th over - 0 run(s), 0 hit(s), 0 error(s), 0 left on base; Memphis 3 - BlackIron 1
TOP OF THE 5TH
Memphis Blues batting - Pitching for BlackIron Dragons : RHP Ángel Polanco
Batting: LHB Kieran Farris 0-0: Ground out 5-3 (Groundball, 56)
Batting: RHB Sadao Kato 0-0: Foul Ball, location: 2F
0-1: Ground out 1-3 (Groundball, 13S)
Batting: LHB Félix García 0-0: Foul Ball, location: 2F
0-1: Ball
1-1: Ground out 3-1 (Groundball, 34)
Top of the 5th over - 0 run(s), 0 hit(s), 0 error(s), 0 left on base; Memphis 3 - BlackIron 1
BOTTOM OF THE 5TH
BlackIron Dragons batting - Pitching for Memphis Blues : RHP Mark MacGruder
Batting: RHB Brian Jackson 0-0: DOUBLE (Line Drive, 7LM)
Batting: RHB Phil Jacobs 0-0: Foul Ball, location: 2F
0-1: Foul Ball, location: 2F
0-2: Ball
1-2: Foul Ball, location: 2F
1-2: Ball
2-2: Strikes out swinging
Batting: RHB Joaquín Rosales 0-0: Ball
1-0: Ground out 1-3 (Groundball, 13)
Brian Jackson to third
Batting: LHB Aurelio Torrez 0-0: Ball
1-0: Foul Ball, location: 2F
1-1: Ground out 4-3 (Groundball, 4)
Bottom of the 5th over - 0 run(s), 1 hit(s), 0 error(s), 1 left on base; Memphis 3 - BlackIron 1
TOP OF THE 6TH
Memphis Blues batting - Pitching for BlackIron Dragons : RHP Ángel Polanco
Batting: RHB Cal Keys 0-0: Foul Ball, location: 2F
0-1: Called Strike
0-2: Strikes out looking
Batting: RHB Chase Mueller 0-0: Called Strike
0-1: Ball
1-1: Swinging Strike
1-2: Strikes out swinging
Batting: RHB Glenn Johnson 0-0: Ball
1-0: Ball
2-0: Called Strike
2-1: Foul Ball, location: 2F
2-2: Strikes out swinging
Top of the 6th over - 0 run(s), 0 hit(s), 0 error(s), 0 left on base; Memphis 3 - BlackIron 1
BOTTOM OF THE 6TH
BlackIron Dragons batting - Pitching for Memphis Blues : RHP Mark MacGruder
Batting: RHB Dallas Blair 0-0: SINGLE (Groundball, 56D)
Batting: RHB Robert Buckley 0-0: Grounds into double play, 4-6-3 (Groundball, 4)
Batting: RHB Cole Ball 0-0: Called Strike
0-1: Ball
1-1: Ball
2-1: Foul Ball, location: 2F
2-2: Foul Ball, location: 2F
2-2: Ball
3-2: Foul Ball, location: 2F
3-2: Foul Ball, location: 2F
3-2: Strikes out swinging
Bottom of the 6th over - 0 run(s), 1 hit(s), 0 error(s), 0 left on base; Memphis 3 - BlackIron 1
TOP OF THE 7TH
Memphis Blues batting - Pitching for BlackIron Dragons : RHP Ángel Polanco
Batting: RHB Dave Wookey 0-0: Ball
1-0: Foul Ball, location: 2F
1-1: SINGLE (Line Drive, 4M)
Batting: LHB Arturo Rivera 0-0: Called Strike
0-1: Bunted foul
0-2: Ball
1-2: Strikes out swinging
Batting: RHB Dale O'Feennaghty 0-0: Grounds into double play, 5-4-3 (Groundball, 5)
Top of the 7th over - 0 run(s), 1 hit(s), 0 error(s), 0 left on base; Memphis 3 - BlackIron 1
BOTTOM OF THE 7TH
BlackIron Dragons batting - Pitching for Memphis Blues : RHP Mark MacGruder
Batting: RHB Leroy Jamison 0-0: Called Strike
0-1: Ball
1-1: Called Strike
1-2: Strikes out looking
Batting: RHB José Colón 0-0: Ground out 6-3 (Groundball, 6)
Batting: RHB Brian Jackson 0-0: Ball
1-0: Foul Ball, location: 2F
1-1: Foul Ball, location: 2F
1-2: Ball
2-2: Foul Ball, location: 2F
2-2: SINGLE (Line Drive, 34)
Batting: RHB Phil Jacobs 0-0: Ball
1-0: Ball
2-0: Called Strike
2-1: Reached on error, E4 (Groundball, 34)
Brian Jackson to third
Pinch Hitting: RHB Ed Sims 0-0: Ball
1-0: Foul Ball, location: 2F
1-1: Ball
2-1: Fly out, F8 (Line Drive, 8RS)
Bottom of the 7th over - 0 run(s), 1 hit(s), 1 error(s), 2 left on base; Memphis 3 - BlackIron 1
TOP OF THE 8TH
Memphis Blues batting - Pitching for BlackIron Dragons : RHP Ángel Polanco
Pitching: LHP Manny Luján
Now at 2B: Ed Sims
Batting: LHB Kieran Farris 0-0: Ball
1-0: Ball
2-0: Swinging Strike
2-1: Foul Ball, location: 2F
2-2: Foul Ball, location: 2F
2-2: Foul Ball, location: 2F
2-2: Ball
3-2: Base on Balls
Batting: RHB Sadao Kato 0-0: Sac Bunt - play at first, batter OUT! 5-4
Kieran Farris to second
Batting: LHB Félix García 0-0: Ball
1-0: Fly out, F9 (Flyball, 4D)
Batting: RHB Cal Keys 0-0: Foul Ball, location: 2F
0-1: Ball
1-1: Swinging Strike
1-2: Strikes out looking
Top of the 8th over - 0 run(s), 0 hit(s), 0 error(s), 1 left on base; Memphis 3 - BlackIron 1
BOTTOM OF THE 8TH
BlackIron Dragons batting - Pitching for Memphis Blues : RHP Mark MacGruder
Pitching: LHP Octávio Pérez
Now at 3B: Jorge Comacho
Batting: LHB Aurelio Torrez 0-0: Foul Ball, location: 2F
0-1: Ground out U3 (Groundball, 3)
Batting: RHB Dallas Blair 0-0: Foul Ball, location: 2F
0-1: Called Strike
0-2: Foul Ball, location: 2F
0-2: Fly out, F7 (Flyball, 7S)
Batting: RHB Robert Buckley 0-0: Ball
1-0: Foul Ball, location: 2F
1-1: Swinging Strike
1-2: Ball
2-2: Ball
3-2: Base on Balls
Pitching: RHP Paul Miller
Batting: RHB Cole Ball 0-0: Ball
1-0: 2-RUN HOME RUN (Flyball, 7D), Distance : 406 ft
Pinch Hitting: LHB Leonard Young 0-0: Ball
1-0: Ball
2-0: Ball
3-0: Hit by Pitch
Pinch Hitting: RHB Jonah Duncan 0-0: Ball
1-0: Ball
2-0: Foul Ball, location: 2F
2-1: Called Strike
2-2: Foul Ball, location: 2F
2-2: Strikes out looking
Bottom of the 8th over - 2 run(s), 1 hit(s), 0 error(s), 1 left on base; Memphis 3 - BlackIron 3
TOP OF THE 9TH
Memphis Blues batting - Pitching for BlackIron Dragons : LHP Manny Luján
Pitching: LHP Vincent Horne
Now at 1B: Leonard Young
Now in RF: Manuel Cortéz
Pinch Hitting: RHB Dale Taylor 0-0: Ball
1-0: Ball
2-0: Swinging Strike
2-1: Foul Ball, location: 2F
2-2: Ball
3-2: Base on Balls
Pinch Runner at 1st Peyton Pennington:
Pinch Hitting: RHB Bob Orr 0-0: Ball
1-0: Sac Bunt - play at first, batter OUT! 1-4
Peyton Pennington to second
Batting: RHB Dave Wookey 0-0: Intentional Walk
Pinch Hitting: RHB Dave O'Neill 0-0: Called Strike
0-1: Ball
1-1: Ground out 2-3 (Groundball, 25)
Peyton Pennington to third
Dave Wookey to second
Pinch Hitting: RHB Irwin Duncan 0-0: DOUBLE (Line Drive, 9LS)
Peyton Pennington scores
Dave Wookey scores
Batting: RHB Jorge Comacho 0-0: Ground out 5-3 (Groundball, 56S)
Top of the 9th over - 2 run(s), 1 hit(s), 0 error(s), 1 left on base; Memphis 5 - BlackIron 3
BOTTOM OF THE 9TH
BlackIron Dragons batting - Pitching for Memphis Blues : RHP Paul Miller
Pitching: RHP Lorenzo Diéguez
Now at C: Elliott Rucker
Now at 2B: Bob Orr
Now at SS: Brent Crawford
Now in CF: Irwin Duncan
Batting: RHB Brian Jackson 0-0: Ball
1-0: Swinging Strike
1-1: Ball
2-1: Ball
3-1: Fly out, F9 (Flyball, 9LS)
Batting: RHB Phil Jacobs 0-0: Ball
1-0: Ball
2-0: Ball
3-0: Called Strike
3-1: Ground out 1-3 (Groundball, 23)
Batting: RHB Ed Sims 0-0: Swinging Strike
0-1: Swinging Strike
0-2: Strikes out swinging
Bottom of the 9th over - 0 run(s), 0 hit(s), 0 error(s), 0 left on base; Memphis 5 - BlackIron 3
This league is powered by Out of the Park Baseball, the baseball management simulation game for PC, Mac and Linux
Wednesday, December 2nd, 2015 - OOTP Baseball 16.8 Build 38